 Dungeon Crawl Stone Soup version 0.22.1-2-g9c5b331 (webtiles) character file.

130 Harpaggios the Insei (level 5, -2/40 HPs)
             Began as a Gnoll Transmuter on Dec 24, 2018.
             Was an Initiate of Qazlal.
             Killed from afar by an orc wizard (10 damage)
             ... with a magic dart
             ... on level 3 of the Dungeon.
             The game lasted 00:09:29 (1858 turns).

Harpaggios the Insei (Gnoll Transmuter)             Turns: 1858, Time: 00:09:30

Health: -2/40      AC:  2    Str: 11 (12) XL:     5   Next: 14%
Magic:  5/12       EV: 15    Int: 16      God:    Qazlal [......]
Gold:   197        SH:  0    Dex: 15 (16) Spells: 8/14 levels left

rFire    . . .     SeeInvis .     - Unarmed
rCold    . . .     Gourm    .   (no shield)
rNeg     . . .     Faith    .   b - +0 robe
rPois    .         Spirit   .   (no helmet)
rElec    .         Reflect  .   (no cloak)
rCorr    .         Harm     .   (no gloves)
MR       .....                  (no boots)
Stlth    ++........             (no amulet)
HPRegen  0.13/turn              (no ring)
MPRegen  0.13/turn              (no ring)

@: very slightly contaminated
A: distributed training, fangs 1, strong nose
a: Renounce Religion


You were on level 3 of the Dungeon.
You worshipped Qazlal.
Qazlal was noncommittal.
You were not hungry.

You visited 1 branch of the dungeon, and saw 3 of its levels.

You collected 197 gold pieces.

Inventory:

Missiles
 a - 19 arrows
Armour
 b - a +0 robe (worn)
Scrolls
 g - 2 scrolls of identify
Potions
 c - 2 potions of heal wounds
 j - a potion of curing {unknown}
Comestibles
 d - 7 rations
 i - 9 chunks of flesh


   Skills:
 + Level 2.9 Fighting
 + Level 1.3 Short Blades
 + Level 1.3 Long Blades
 + Level 1.3 Axes
 + Level 1.3 Maces & Flails
 + Level 1.3 Polearms
 + Level 1.3 Staves
 + Level 1.3 Slings
 + Level 1.3 Bows
 + Level 1.3 Crossbows
 + Level 1.3 Throwing
 + Level 1.3 Armour
 + Level 4.7 Dodging
 + Level 1.3 Stealth
 + Level 1.3 Shields
 + Level 6.6 Unarmed Combat
 + Level 5.1 Spellcasting
 + Level 1.1 Conjurations
 + Level 1.1 Hexes
 + Level 1.1 Charms
 + Level 1.1 Summonings
 + Level 1.1 Necromancy
 + Level 1.1 Translocations
 + Level 3.9 Transmutations
 + Level 1.1 Fire Magic
 + Level 1.1 Ice Magic
 + Level 1.1 Air Magic
 + Level 1.1 Earth Magic
 + Level 1.1 Poison Magic
 + Level 1.5 Invocations
 + Level 1.3 Evocations


You had 8 spell levels left.
You knew the following spells:

 Your Spells              Type           Power        Failure   Level  Hunger
a - Beastly Appendage     Tmut           ###...       3%          1    None
b - Sticks to Snakes      Tmut           ###.....     4%          2    #......
c - Spider Form           Tmut/Pois      ##........   16%         3    ###....

Your spell library contained the following spells:

 Spells                   Type           Power        Failure   Level  Hunger
 Ice Form                 Ice/Tmut       ##......     47%         4    ####...
 Blade Hands              Tmut           ###.......   63%         5    ######.


Dungeon Overview and Level Annotations

Branches:
Dungeon (3/15)

Altars:
Cheibriados
Qazlal

Annotations:
D:3 Natasha


Innate Abilities, Weirdness & Mutations

Your experience applies equally to all skills.
You have very sharp teeth.
Your uncanny sense of smell can sniff out nearby items.


Message History

Your adder poisons the orc priest!
Your adder closely misses the orc priest.
The orc priest hits your adder with a club.
Your adder bites the orc priest.
The orc priest dies!
Qazlal accepts your kill.
You feel your strength returning.
You have reached level 5!
Your adder looks stronger.
A puff of flame appears from out of thin air!
The puff of flame hits your adder.
Your adder dies!
Natasha extends her claws.
Your horns disappear.
A puff of frost appears from out of thin air!
The puff of frost hits you!
* * * LOW HITPOINT WARNING * * *
A magic dart appears from out of thin air!
The magic dart hits you!
You die...

### ..#
############
##.#
#....@.....#
..#
#h########.#
#.# #.# ∆
.####)######.#
%....ogh{..h.#
....wK)#######
....#..# ##.
#..# .% g..#


You could see Natasha.

Vanquished Creatures
  An adder (D:3)
  An ooze (D:2)
  A worm (D:2)
  2 dart slugs
  3 leopard geckos
  2 orcs (D:3)
  A giant cockroach (D:1)
  9 goblins
  12 hobgoblins
  2 jackals (D:2)
  2 quokkas (D:2)
  7 bats
  A frilled lizard (D:1)
  10 kobolds
  4 rats
58 creatures vanquished.

Vanquished Creatures (collateral kills)
  An orc priest (D:3)
  2 adders (D:2)
  An orc (D:3)
  A kobold (D:2)
5 creatures vanquished.

Grand Total: 63 creatures vanquished

Notes
Turn   | Place    | Note
-------+----------+-------------------------------------------
     0 | D:1      | Harpaggios the Gnoll Transmuter began the quest for the
                  | Orb.
     0 | D:1      | Reached XP level 1. HP: 17/17 MP: 6/6
   129 | D:1      | Reached XP level 2. HP: 23/23 MP: 7/7
   269 | D:1      | Reached XP level 3. HP: 22/28 MP: 7/9
   338 | D:1      | Learned a level 2 spell: Sticks to Snakes
   396 | D:1      | Reached skill level 5 in Spellcasting
   826 | D:2      | Reached skill level 1 in Invocations
   915 | D:2      | Reached skill level 1 in Short Blades
   915 | D:2      | Reached skill level 1 in Long Blades
   915 | D:2      | Reached skill level 1 in Axes
   915 | D:2      | Reached skill level 1 in Maces & Flails
   915 | D:2      | Reached skill level 1 in Polearms
   915 | D:2      | Reached skill level 1 in Staves
   915 | D:2      | Reached skill level 1 in Slings
   915 | D:2      | Reached skill level 1 in Bows
   915 | D:2      | Reached skill level 1 in Crossbows
   915 | D:2      | Reached skill level 1 in Throwing
   915 | D:2      | Reached skill level 1 in Armour
   915 | D:2      | Reached skill level 1 in Stealth
   915 | D:2      | Reached skill level 1 in Shields
   915 | D:2      | Reached skill level 1 in Evocations
   934 | D:2      | Reached XP level 4. HP: 29/34 MP: 3/11
  1137 | D:2      | Found a stormy altar of Qazlal.
  1147 | D:2      | Became a worshipper of Qazlal Stormbringer
  1762 | D:3      | Learned a level 3 spell: Spider Form
  1790 | D:3      | Reached skill level 1 in Conjurations
  1790 | D:3      | Reached skill level 1 in Hexes
  1790 | D:3      | Reached skill level 1 in Charms
  1790 | D:3      | Reached skill level 1 in Summonings
  1790 | D:3      | Reached skill level 1 in Necromancy
  1790 | D:3      | Reached skill level 1 in Translocations
  1790 | D:3      | Reached skill level 1 in Fire Magic
  1790 | D:3      | Reached skill level 1 in Ice Magic
  1790 | D:3      | Reached skill level 1 in Air Magic
  1790 | D:3      | Reached skill level 1 in Earth Magic
  1790 | D:3      | Reached skill level 1 in Poison Magic
  1814 | D:3      | Found a snail-covered altar of Cheibriados.
  1846 | D:3      | Noticed Natasha
  1850 | D:3      | Reached XP level 5. HP: 20/40 MP: 4/12
  1858 | D:3      | Killed from afar by an orc wizard

Skill      XL: |  1  2  3  4 |
---------------+-------------+-----
Spellcasting   | 5 |  5.1
Invocations    | 1 |  1.5
Short Blades   | 1 |  1.3
Long Blades    | 1 |  1.3
Axes           | 1 |  1.3
Maces & Flails | 1 |  1.3
Polearms       | 1 |  1.3
Staves         | 1 |  1.3
Slings         | 1 |  1.3
Bows           | 1 |  1.3
Crossbows      | 1 |  1.3
Throwing       | 1 |  1.3
Armour         | 1 |  1.3
Stealth        | 1 |  1.3
Shields        | 1 |  1.3
Evocations     | 1 |  1.3
Conjurations   | 1 |  1.1
Hexes          | 1 |  1.1
Charms         | 1 |  1.1
Summonings     | 1 |  1.1
Necromancy     | 1 |  1.1
Translocations | 1 |  1.1
Fire Magic     | 1 |  1.1
Ice Magic      | 1 |  1.1
Air Magic      | 1 |  1.1
Earth Magic    | 1 |  1.1
Poison Magic   | 1 |  1.1
Fighting       | |  2.9
Dodging        | |  4.7
Unarmed Combat | |  6.6
Transmutations | |  3.9

Action                   |  1- 3 |  4- 6 || total
-------------------------+-------+-------++-------
Melee: Unarmed           |    80 |    51 ||   131
       Kick              |     9 |     5 ||    14
       Bite              |     7 |     2 ||     9
       Headbutt          |     2 |     5 ||     7
       Punch             |     1 |       ||     1
 Cast: Beastly Appendage |    13 |     8 ||    21
       Sticks to Snakes  |     4 |     6 ||    10
  Use: Scroll            |     3 |     4 ||     7
       Potion            |     2 |       ||     2
 Stab: Distracted        |     1 |     1 ||     2
       Sleeping          |     1 |       ||     1
  Eat: Chunk             |       |     3 ||     3
Armor: Robe              |     9 |     4 ||    13
Dodge: Dodged            |    52 |    21 ||    73
